Map: Black Site 2E

Players

PiPuxD - Winner!

  • Race: Terran Terran
  • League: Gold
  • Spawn Location: 6:00

Alebay - Winner!

  • Race: Protoss Protoss
  • Spawn Location: 3:00

MattBarry - Winner!

  • Race: Zerg Zerg
  • League: Gold
  • Spawn Location: 5:00

RandyMarsh

  • Race: Protoss Protoss
  • League: Bronze
  • Spawn Location: 12:00

twongao

  • Race: Zerg Zerg
  • League: Platinum
  • Spawn Location: 9:00

SpankMyMango

  • Race: Protoss Protoss
  • Spawn Location: 11:00

VOD

Have the link to the VOD?

Description

Time

  • Played on: Feb. 13, 2023, 1:12 a.m.
  • Length: 17:46
Show
View Real Time Build Order
Export as new Build Order

PiPuxD Terran - Winner!

Build Orders:  

Get SALT Encoding   

  12  0:00  SCV  
  13  0:12  SCV  
  14  0:20  Supply Depot  
  14  0:24  SCV  
  15  0:41  SCV  
  16  0:42  Barracks  
  16  0:46  Refinery  
  16  0:53  SCV  
  17  1:05  SCV  
  18  1:18  SCV  
  19  1:30  Reaper, SCV  
  21  1:34  Barracks  
  21  1:42  Orbital Command  
  21  2:00  Barracks, Refinery  
  21  2:02  Reaper  
  21  2:05  Supply Depot  
  21  2:08  SCV  
  23  2:25  Supply Depot  
  23  2:26  Reaper, SCV  
  25  2:38  SCV  
  26  2:44  Reaper  
  26  2:50  SCV  
  28  2:56  Reaper  
  29  2:58  Reaper  
  29  3:03  SCV  
  31  3:16  Reaper  
  31  3:18  SCV  
  33  3:23  Supply Depot  
  33  3:36  Reaper  
  33  3:38  Reaper  
  35  3:41  Command Center  
  34  3:57  Reaper  
  34  4:00  SCV  
  36  4:04  Factory  
  36  4:11  Reaper  
  36  4:13  Engineering Bay  
  36  4:14  SCV  
  38  4:26  SCV  
  38  4:40  SCV  
  40  4:52  SCV  
  41  4:53  Barracks Tech Lab  
  41  4:55  Factory Reactor  
  41  4:57  Starport  
  41  4:58  Barracks Tech Lab  
  41  4:59  Barracks Tech Lab  
  39  5:01  Terran Infantry Weapons Level 1  
  39  5:04  Orbital Command, SCV  
  39  5:06  Command Center  
  40  5:11  Armory  
  40  5:16  SCV  
  41  5:28  SCV  
  41  5:30  Marauder x3  
  48  5:37  Orbital Command  
  48  5:41  SCV  
  44  5:53  SCV, Stimpack  
  45  6:00  Engineering Bay  
  45  6:05  SCV  
  45  6:08  Factory Reactor, SCV  
  47  6:17  SCV, Combat Shield  
  48  6:19  Concussive Shells  
  48  6:20  Marine x3, SCV  
  48  6:25  Refinery  
  52  6:26  Orbital Command  
  52  6:27  Refinery  
  52  6:29  SCV  
  52  6:32  SCV  
  54  6:41  SCV  
  54  6:44  SCV  
  56  7:04  SCV x2  
  58  7:11  Marauder x3  
  58  7:12  Medivac x2  
  68  7:17  Terran Infantry Weapons Level 2  
  68  7:19  Orbital Command  
  68  7:20  Supply Depot  
  68  7:21  Supply Depot x2  
  68  7:23  Terran Infantry Armor Level 1  
  68  7:28  SCV  
  68  7:29  SCV  
  70  7:36  Marauder x3  
  76  7:42  Supply Depot  
  76  7:46  SCV x3  
  76  7:55  Medivac x2  
  76  7:58  SCV x3  
  83  8:09  Barracks  
  83  8:10  Barracks, SCV x3  
  83  8:12  Barracks  
  86  8:14  Widow Mine x2  
  86  8:18  Refinery x2  
  85  8:47  Missile Turret  
  85  8:48  Missile Turret  
  80  8:56  Marauder x3  
  80  8:59  Missile Turret  
  76  9:12  SCV x3  
  73  9:24  SCV x2  
  76  9:38  SCV x3  
  78  9:50  SCV x2  
  78  9:51  SCV  
  81  10:01  Barracks Reactor x2  
  81  10:02  Barracks Reactor  
  81  10:04  Marauder x3  
  81  10:05  Viking x2  
  91  10:07  Terran Infantry Armor Level 2, Terran Infantry Weapons Level 3  
  91  10:09  SCV  
  92  10:19  SCV x2  
  92  10:21  SCV  
  95  10:25  Missile Turret  
  95  10:31  SCV x2  
  97  10:36  Marauder x3  
  103  10:48  Marine x3  
  103  10:49  Marine x3  
  109  10:57  Supply Depot  
  109  10:58  Supply Depot  
  109  11:10  Marine x5, SCV x3  
  109  11:11  Marine  
  118  11:13  Marauder x3  
  124  11:22  SCV x3, Medivac  
  124  11:23  Medivac  
  131  11:28  Supply Depot  
  131  11:29  Supply Depot  
  131  11:34  Marine x5  
  131  11:35  Marine  
  131  11:36  Marauder  
  131  11:38  Marauder  
  141  11:50  Supply Depot x2  
  135  12:22  Marine x6  
  139  12:23  Marauder x2  
  139  12:24  Marauder  
  99  12:58  Marine x2  
  99  12:59  Marine x4  
  99  13:00  Marauder x2  
  99  13:01  Marauder  
  99  13:02  Terran Infantry Armor Level 3  
  99  13:04  Terran Ship Weapons Level 1  
  111  13:07  Medivac x2  
  115  13:18  Starport  
  115  13:19  Marine x3  
  117  13:20  Marine x3  
  117  13:22  Marauder x3  
  127  13:41  Command Center, Medivac x2  
  127  13:42  Command Center  
  127  13:46  Marine x7  
  127  13:47  Marine x2  
  140  13:56  SCV  
  140  13:57  SCV x2  
  143  14:03  Supply Depot x2  
  143  14:05  Supply Depot  
  143  14:08  SCV  
  143  14:09  Marine x5, SCV x2  
  150  14:10  Marine x4, Armory  
  155  14:18  Starport Reactor  
  155  14:43  Marine x4  
  155  14:44  Marine x4  
  155  14:45  Marine  
  164  14:53  Orbital Command  
  164  14:55  Orbital Command  
  164  15:04  Marine x3  
  164  15:05  Marine x4  
  164  15:06  Marine x2  
  173  15:08  Medivac x2  
  173  15:09  Medivac x2  
  181  15:18  Terran Ship Weapons Level 2  
  181  15:19  Terran Vehicle And Ship Armor Level 1  
  181  15:22  Widow Mine x2  
  185  15:28  Refinery  
  185  15:30  Refinery  
  185  15:48  Marine x3  
  185  15:49  Marine x5  
  189  15:50  Marine, Medivac  
  189  15:51  Medivac x3  
  198  16:13  Marine x2  
  162  16:43  Marine x6  
  162  16:45  Marauder x3, Medivac x2  
  162  16:46  Medivac x2  
  126  17:15  Marine x2  
  126  17:16  Marine x4  
  126  17:17  Marauder x2  
  126  17:18  Marauder  
Show
View Real Time Build Order
Export as new Build Order

Alebay Protoss - Winner!

Build Orders:  

Get SALT Encoding   

  12  0:00  Probe  
  13  0:12  Probe  
  14  0:18  Pylon  
  14  0:24  Probe  
  15  0:38  Gateway  
  15  0:39  Probe  
  16  0:50  Assimilator  
  16  0:51  Probe  
  17  1:05  Gateway, Probe  
  18  1:17  Probe  
  19  1:27  Cybernetics Core  
  19  1:29  Probe  
  20  1:44  Probe  
  21  1:56  Probe, Nexus  
  22  2:03  Pylon  
  22  2:10  Probe  
  23  2:16  Assimilator  
  23  2:20  Adept (Chrono Boost)  
  25  2:24  Adept (Chrono Boost)  
  25  2:25  Probe  
  28  2:33  Pylon  
  28  2:48  Probe  
  28  2:51  Adept x2 (Chrono Boost)  
  33  3:00  Probe  
  34  3:09  Probe  
  34  3:12  Probe  
  36  3:16  Warp Gate  
  36  3:34  Forge  
  36  3:35  Gateway, Probe  
  36  3:36  Probe  
  36  3:37  Pylon  
  36  3:39  Pylon  
  38  3:48  Probe x2  
  40  3:52  Adept x2 (Chrono Boost)  
  44  4:45  Probe  
  44  4:46  Probe  
  46  4:57  Probe  
  46  4:58  Probe  
  40  5:10  Probe x2  
  42  5:14  Protoss Ground Weapons Level 1 (Chrono Boost)  
  42  5:15  Pylon  
  42  5:17  Pylon  
  42  5:20  Gateway  
  42  5:21  Gateway, Assimilator  
  42  5:22  Probe x2  
  42  5:25  Gateway, Assimilator  
  44  5:28  Forge  
  44  5:44  Probe x2  
  44  5:49  Stalker x3  
  52  5:50  Nexus  
  52  5:52  Pylon  
  52  5:54  Pylon  
  52  5:59  Gateway  
  52  6:01  Gateway, Probe x2  
  54  6:15  Stalker  
  54  6:16  Stalker x3  
  62  6:19  Stalker  
  64  6:30  Robotics Facility  
  64  6:34  Stalker  
  66  6:42  Twilight Council  
  66  6:43  Probe x2  
  68  6:50  Stalker x2  
  72  6:55  Probe  
  72  6:56  Probe  
  74  7:13  Stalker x3  
  74  7:14  Stalker x3  
  84  7:42  Protoss Ground Armor Level 1 (Chrono Boost)  
  84  7:43  Stalker x5, Blink (Chrono Boost)  
  84  7:44  Stalker x2  
  98  7:58  Probe x3  
  95  8:10  Probe x3  
  72  8:22  Probe  
  65  8:37  Stalker  
  65  8:38  Stalker x5  
  65  8:39  Stalker x2  
  81  8:44  Photon Cannon  
  81  8:47  Photon Cannon  
  81  8:51  Photon Cannon  
  81  8:52  Photon Cannon  
  81  8:54  Photon Cannon  
  81  8:56  Observer, Photon Cannon  
  81  8:58  Probe x2  
  81  8:59  Probe  
  85  9:10  Probe  
  85  9:11  Probe x2  
  88  9:23  Probe x3  
  91  9:32  Stalker x3  
  91  9:33  Stalker x5  
  105  10:00  Stalker x2  
  105  10:01  Stalker x4  
  117  10:21  Assimilator  
  117  10:25  Assimilator  
  117  10:28  Pylon  
  117  10:30  Pylon  
  117  10:32  Pylon  
  117  10:35  Pylon  
  117  10:46  Probe x3  
  120  10:52  Protoss Ground Weapons Level 2 (Chrono Boost)  
  120  10:53  Stalker x4  
  120  10:54  Stalker x3  
  120  10:56  Protoss Ground Armor Level 2 (Chrono Boost)  
  134  11:09  Pylon, Nexus  
  134  11:12  Pylon  
  134  11:14  Photon Cannon, Pylon  
  134  11:18  Warp Prism  
  136  11:44  Stalker x5  
  136  11:45  Stalker  
  148  12:17  Probe x3  
  148  12:21  Probe  
  152  12:24  Charge (Chrono Boost), Photon Cannon  
  152  12:25  Photon Cannon  
  152  12:28  Photon Cannon  
  152  12:29  Photon Cannon, Probe x2  
  155  12:30  Probe  
  155  12:32  Photon Cannon  
  155  12:33  Probe  
  155  12:35  Photon Cannon  
  155  12:36  Shield Battery  
  156  12:37  Photon Cannon  
  156  12:39  Shield Battery  
  156  12:40  Shield Battery  
  156  12:41  Shield Battery  
  156  12:44  Pylon  
  156  12:56  Stalker x3  
  156  12:57  Stalker x5  
  82  14:28  Stalker x4  
  82  14:29  Stalker x4  
  92  14:36  Pylon  
  92  14:39  Gateway  
  92  14:40  Gateway  
  92  14:42  Gateway  
  92  14:46  Gateway  
  92  14:49  Assimilator  
  92  14:51  Gateway  
  92  14:52  Assimilator  
  92  14:53  Pylon  
  92  14:54  Gateway, Stalker x3  
  92  14:55  Stalker x4  
  92  14:59  Protoss Ground Weapons Level 3 (Chrono Boost), Protoss Ground Armor Level 3 (Chrono Boost)  
  106  15:18  Pylon  
  106  15:19  Gateway  
  106  15:27  Stalker x3  
  106  15:28  Stalker x5  
  122  15:40  Stalker x3  
  128  15:50  Stalker x4  
  128  15:52  Stalker x3  
  128  15:53  Stalker x4  
  82  16:53  Stalker x2  
  82  16:54  Stalker x7  
  82  16:55  Stalker x4  
  82  16:57  Stalker x2  
  104  17:19  Stalker x4  
  104  17:20  Stalker x7  
  104  17:21  Stalker  
  128  17:41  Nexus  
  128  17:44  Pylon  
Show
View Real Time Build Order
Export as new Build Order

MattBarry Zerg - Winner!

Build Orders: Pool First 

Get SALT Encoding   

  12  0:00  Drone  
  13  0:12  Drone  
  14  0:25  Extractor  
  13  0:30  Spawning Pool  
  13  0:31  Drone  
  13  0:37  Drone  
  14  1:02  Extractor  
  14  1:03  Drone  
  14  1:08  Overlord  
  15  1:22  Extractor  
  15  1:23  Evolution Chamber  
  15  1:24  Zergling x2  
  14  1:29  Queen  
  18  1:35  Zergling x4  
  18  1:36  Zergling x2  
  21  1:50  Zergling x2, Metabolic Boost  
  22  2:06  Overlord  
  22  2:12  Extractor  
  21  2:16  Evolution Chamber, Drone  
  21  2:19  Zergling x2  
  24  2:33  Hatchery  
  23  2:49  Zergling x6, Drone  
  27  2:54  Evolution Chamber  
  26  3:09  Zergling x4  
  28  3:24  Zergling x2  
  28  3:25  Zergling x2, Overlord  
  29  3:43  Zergling x2  
  29  3:44  Zergling x4  
  31  3:49  Zergling x2, Queen  
  31  3:50  Zergling x6  
  29  4:29  Zergling x2  
  29  4:30  Zergling x8  
  33  4:53  Zergling x12  
  29  6:21  Drone  
  29  6:22  Drone x14  
  34  6:41  Overlord x2  
  34  7:00  Extractor  
  33  7:11  Baneling Nest  
  33  7:12  Zergling x18  
  41  7:42  Zerg Melee Weapons Level 1  
  41  7:44  Hatchery  
  40  7:46  Drone x9  
  49  7:56  Hatchery  
  41  8:01  Drone x4  
  43  8:21  Zergling x2  
  43  8:22  Zergling x10  
  49  8:37  Lair  
  49  8:38  Overlord  
  49  8:39  Zergling x2  
  49  8:40  Zergling x4  
  52  8:46  Queen  
  54  8:57  Spore Crawler x2  
  54  9:01  Spore Crawler  
  51  9:03  Spore Crawler  
  46  9:29  Zergling x8  
  46  9:30  Zergling x4  
  52  9:34  Roach Warren  
  52  9:35  Evolution Chamber  
  50  10:17  Zergling x24  
  50  10:18  Zergling x16  
  50  10:19  Queen  
  69  10:33  Zerg Ground Armor Level 1  
  69  10:34  Zerg Melee Weapons Level 2  
  69  10:35  Centrifugal Hooks  
  69  10:39  Drone  
  69  10:40  Drone x4  
  69  10:42  Overlord x2  
  74  10:44  Baneling x9  
  74  10:45  Baneling x6  
  74  11:00  Queen  
  50  11:40  Drone x4  
  50  11:41  Drone x2  
  51  11:50  Spire  
  50  11:54  Glial Reconstitution  
  50  11:55  Hydralisk Den  
  48  12:01  Drone  
  48  12:02  Drone x13  
  62  12:10  Extractor  
  62  12:11  Extractor  
  60  12:22  Spore Crawler  
  60  12:24  Spore Crawler, Extractor  
  60  12:25  Extractor  
  56  12:39  Hatchery  
  55  12:47  Infestation Pit  
  55  12:51  Lurker Den  
  53  12:52  Drone x5  
  53  12:53  Drone x5  
  53  12:54  Drone  
  64  13:23  Mutalisk  
  64  13:24  Mutalisk x8  
  64  13:26  Overlord x2  
  82  13:47  Corruptor x6  
  92  14:37  Corruptor, Drone  
  92  14:38  Corruptor x4  
  95  14:56  Corruptor x2  
  93  15:18  Overlord x2  
  93  15:24  Roach x5  
  93  15:25  Zergling x2  
  93  15:26  Overlord x2  
  104  15:46  Extractor  
  104  15:48  Drone x2  
  104  15:49  Drone x6  
  111  16:05  Corruptor x3  
  84  17:08  Corruptor x12  
  84  17:09  Corruptor x2  
  106  17:42  Extractor  
Show
View Real Time Build Order
Export as new Build Order

RandyMarsh Protoss 

Build Orders: Carriers 

Get SALT Encoding   

  12  0:00  Probe  
  13  0:13  Probe  
  14  0:20  Pylon  
  14  0:25  Probe  
  15  0:38  Probe (Chrono Boost)  
  15  0:40  Gateway  
  17  0:50  Probe (Chrono Boost)  
  17  0:52  Assimilator  
  17  0:55  Assimilator  
  17  0:58  Probe (Chrono Boost)  
  18  1:08  Probe  
  19  1:20  Probe  
  20  1:28  Pylon  
  20  1:33  Probe  
  21  1:40  Cybernetics Core  
  21  1:50  Probe  
  22  2:02  Probe  
  22  2:06  Nexus  
  23  2:26  Stalker (Chrono Boost)  
  25  2:36  Stargate  
  25  2:49  Stalker (Chrono Boost)  
  27  3:15  Stalker (Chrono Boost)  
  23  3:39  Stalker  
  25  3:49  Probe  
  25  3:59  Assimilator  
  25  4:01  Probe  
  26  4:03  Assimilator  
  26  4:06  Probe  
  27  4:13  Probe  
  28  4:18  Stalker, Probe  
  31  4:26  Probe  
  31  4:30  Probe  
  31  4:38  Probe  
  30  4:43  Probe  
  27  4:50  Probe  
  23  4:55  Probe  
  6  5:12  Probe  
  5  5:14  Probe  
  6  5:24  Probe  
  6  5:26  Probe  
  3  5:36  Probe (Chrono Boost)  
  3  5:39  Probe (Chrono Boost)  
  5  5:46  Pylon  
  5  5:49  Probe (Chrono Boost)  
  7  5:51  Pylon, Probe (Chrono Boost)  
  7  5:56  Probe (Chrono Boost)  
  7  5:57  Probe (Chrono Boost)  
  8  6:03  Probe  
  10  6:05  Probe  
  11  6:15  Probe  
  11  6:17  Probe  
  13  6:27  Probe  
  13  6:29  Probe (Chrono Boost)  
  16  6:40  Probe (Chrono Boost)  
  16  6:41  Probe (Chrono Boost)  
  17  6:49  Probe (Chrono Boost)  
  17  6:50  Probe (Chrono Boost)  
  19  6:54  Probe (Chrono Boost)  
  19  6:55  Stalker, Probe  
  23  7:05  Probe  
  23  7:07  Probe  
  25  7:24  Stalker  
  27  7:38  Probe x2 (Chrono Boost)  
  29  7:49  Probe (Chrono Boost)  
  29  7:50  Probe (Chrono Boost)  
  31  7:54  Stalker (Chrono Boost), Probe x2 (Chrono Boost)  
  35  8:04  Probe x2  
  37  8:16  Probe x2  
  37  8:18  Stalker (Chrono Boost)  
  41  8:20  Fleet Beacon  
  41  8:28  Probe x2  
  43  8:40  Probe x2  
  45  8:43  Stargate  
  45  8:52  Probe  
  46  9:03  Nexus  
  46  9:04  Pylon  
  46  9:08  Pylon  
  46  9:22  Carrier, Probe (Chrono Boost)  
  46  9:24  Pylon, Probe (Chrono Boost)  
  54  9:27  Assimilator  
  54  9:33  Assimilator  
  54  9:34  Probe (Chrono Boost)  
  55  9:40  Carrier  
  55  9:41  Probe (Chrono Boost)  
  62  9:48  Probe  
  63  10:01  Probe  
  64  10:12  Stargate  
  64  10:13  Probe  
  65  10:17  Stargate  
  65  10:18  Pylon  
  65  10:22  Pylon  
  65  10:29  Carrier  
  65  10:35  Forge  
  71  10:36  Robotics Facility  
  71  10:46  Probe x3  
  74  10:55  Protoss Air Weapons Level 1  
  74  10:58  Probe x3  
  77  11:09  Carrier  
  77  11:10  Carrier  
  89  11:27  Pylon  
  89  11:31  Pylon  
  89  11:33  Carrier  
  89  11:39  Probe  
  97  11:40  Probe x2  
  98  11:51  Probe  
  98  11:52  Probe x2  
  98  11:53  Cybernetics Core  
  101  12:06  Carrier  
  107  12:38  Pylon  
  107  12:41  Pylon  
  113  12:53  Pylon x2  
  113  12:54  Pylon  
  113  12:56  Pylon  
  119  13:08  Photon Cannon  
  119  13:11  Photon Cannon  
  119  13:16  Protoss Air Weapons Level 2, Carrier  
  132  13:27  Carrier  
  116  13:47  Carrier  
  116  13:51  Carrier  
  114  14:00  Pylon  
  114  14:03  Pylon  
  113  14:54  Carrier  
  113  14:55  Carrier x2  
  131  15:04  Probe  
  131  15:06  Probe  
  133  15:16  Probe  
  133  15:18  Probe  
  135  15:25  Pylon  
  135  15:28  Probe  
  136  15:29  Observer, Pylon, Protoss Air Armor Level 1  
  136  15:51  Observer  
  136  15:55  Carrier  
  143  16:08  Carrier x2  
  143  16:11  Carrier  
Show
View Real Time Build Order
Export as new Build Order

twongao Zerg 

Build Orders: Hatch First 

Get SALT Encoding   

  12  0:00  Drone  
  13  0:13  Overlord  
  13  0:18  Drone  
  14  0:32  Drone x2  
  16  0:36  Drone  
  17  0:54  Hatchery  
  17  0:56  Drone  
  17  1:00  Drone  
  18  1:12  Extractor  
  18  1:15  Spawning Pool  
  17  1:18  Drone  
  17  1:21  Drone  
  18  1:29  Drone  
  19  1:41  Overlord  
  19  1:51  Drone  
  20  2:10  Queen x2  
  20  2:11  Zergling x4  
  20  2:14  Drone  
  27  2:20  Drone  
  28  2:25  Drone  
  28  2:27  Metabolic Boost  
  28  2:42  Zergling x6  
  30  3:20  Drone  
  31  3:41  Zergling x10  
  33  3:44  Overlord x2  
  33  3:45  Overlord  
  33  4:27  Queen  
  33  4:30  Lair  
  35  4:35  Baneling Nest  
  32  4:57  Zergling x18  
  32  4:58  Zergling x2  
  31  6:08  Zergling x14  
  31  6:09  Zergling x10  
  38  6:13  Baneling x2  
  38  6:37  Nydus Network  
  31  7:24  Zergling x6  
  31  7:25  Zergling x18  
  34  8:08  Zergling x2  
  34  8:09  Zergling x20  
  36  8:20  Extractor  
  34  8:30  Queen  
  36  8:45  Drone x3  
  36  8:46  Roach Warren  
  38  8:51  Drone x5  
  38  8:52  Hydralisk Den, Drone, Overlord  
  38  8:53  Overlord x2  
  43  9:15  Hatchery  
  42  9:26  Nydus Canal  
  42  9:29  Zergling x2  
  42  9:30  Zergling x10  
  37  10:08  Hydralisk x4, Roach  
  37  10:09  Roach x3  
  53  10:27  Extractor, Drone x3  
  53  10:28  Drone x2, Extractor  
  56  10:39  Queen  
  56  10:41  Hydralisk x2  
  56  10:42  Roach x2  
  66  11:00  Zergling x8  
  66  11:01  Zergling x10  
  75  11:10  Overlord x6  
  75  11:13  Muscular Augments  
  75  11:15  Glial Reconstitution  
  67  12:00  Baneling  
  67  12:02  Zergling x6  
  67  12:03  Zergling x6  
  67  12:08  Hydralisk x5, Roach  
  68  12:09  Roach x3  
  44  12:48  Drone  
  45  13:07  Hydralisk  
  45  13:08  Hydralisk x5  
  57  13:26  Drone x2  
  59  13:28  Drone x4  
  52  14:16  Drone x4  
  58  14:17  Drone x5  
  61  15:00  Extractor x2  
  61  15:05  Infestation Pit  
  61  15:06  Drone x2  
  61  15:07  Drone x2  
  62  15:08  Drone x3  
  62  15:09  Drone  
  66  15:15  Drone x2  
  66  15:16  Drone  
  69  15:25  Lurker Den  
  68  15:32  Hatchery  
  67  15:53  Baneling  
  67  15:54  Baneling x5  
  67  15:58  Centrifugal Hooks  
  63  16:39  Lurker x3  
  62  16:41  Hydralisk x8  
  62  16:42  Hydralisk  
  80  16:48  Queen  
  82  17:21  Hydralisk x4  
  118  17:37  Lurker x2  
  118  17:38  Lurker x2  
Show
View Real Time Build Order
Export as new Build Order

SpankMyMango Protoss 

Build Orders: 1 Gate Expand 

Get SALT Encoding   

  12  0:00  Probe  
  13  0:13  Pylon  
  13  0:18  Probe  
  14  0:30  Probe  
  15  0:36  Gateway  
  15  0:42  Probe  
  16  0:46  Assimilator  
  16  0:55  Probe  
  17  1:11  Probe  
  18  1:25  Nexus  
  18  1:28  Probe  
  19  1:34  Assimilator  
  19  1:44  Cybernetics Core  
  19  1:48  Probe  
  20  1:59  Pylon  
  20  2:02  Probe  
  20  2:06  Zealot  
  23  2:17  Probe  
  24  2:23  Robotics Facility  
  24  2:31  Probe  
  25  2:39  Probe  
  26  2:52  Gateway  
  26  2:53  Gateway  
  26  2:54  Probe  
  26  2:55  Probe  
  28  3:05  Zealot (Chrono Boost)  
  30  3:13  Pylon  
  30  3:30  Zealot  
  32  3:35  Twilight Council  
  32  3:40  Warp Gate (Chrono Boost)  
  32  3:48  Zealot  
  32  3:49  Zealot  
  36  3:56  Probe x2  
  35  4:06  Charge (Chrono Boost), Zealot  
  35  4:08  Probe x2  
  39  4:15  Pylon  
  39  4:20  Probe x2  
  39  4:27  Zealot  
  35  4:32  Zealot  
  31  4:59  Probe x2  
  33  5:11  Probe x2  
  35  5:16  Zealot x2  
  37  5:27  Zealot  
  39  5:30  Probe x2  
  41  5:42  Probe x2  
  43  5:54  Dark Shrine, Probe x2  
  43  5:56  Warp Prism  
  47  6:08  Zealot x3  
  53  6:16  Forge  
  52  6:35  Zealot x2  
  52  6:36  Zealot  
  52  6:38  Probe (Chrono Boost)  
  52  6:39  Probe (Chrono Boost)  
  54  7:10  Pylon  
  54  7:13  Pylon  
  54  7:16  Gateway  
  54  7:17  Gateway  
  54  7:28  Probe x2  
  56  7:35  Zealot x3  
  62  7:40  Probe x2  
  64  7:52  Assimilator, Probe x2  
  64  7:57  Assimilator  
  66  8:04  Probe x2  
  68  8:11  Dark Templar  
  68  8:23  Dark Templar x3  
  52  8:48  Probe x2  
  54  8:58  Dark Templar x3  
  58  9:10  Probe  
  58  9:11  Probe  
  58  9:13  Zealot  
  58  9:14  Zealot  
  62  9:20  Templar Archives  
  62  9:23  Robotics Facility, Probe x2  
  60  9:26  Robotics Bay  
  60  9:29  Gateway  
  60  9:30  Gateway  
  60  9:33  Gateway  
  60  9:35  Gateway  
  60  9:46  Nexus  
  60  9:48  Assimilator  
  60  9:49  Dark Templar  
  60  9:50  Dark Templar x2  
  66  9:53  Assimilator  
  60  10:12  Immortal x2  
  68  10:14  Protoss Ground Weapons Level 1 (Chrono Boost)  
  56  10:29  High Templar x2  
  56  10:31  Zealot x2  
  56  10:32  Zealot  
  56  10:34  Archon  
  66  10:44  Pylon  
  66  10:47  Pylon, Probe x2  
  66  10:54  Pylon  
  66  10:59  Pylon, Probe x2  
  68  11:13  Extended Thermal Lance  
  68  11:15  Colossus  
  74  11:24  Pylon  
  66  11:35  Zealot  
  66  11:36  Zealot x2  
  66  11:37  Zealot x2  
  68  11:43  Probe x2 (Chrono Boost)  
  68  11:44  Probe (Chrono Boost)  
  67  11:53  Probe x3 (Chrono Boost)  
  70  11:58  Probe (Chrono Boost)  
  70  11:59  Probe x2 (Chrono Boost)  
  73  12:03  High Templar x2  
  73  12:05  Zealot  
  73  12:06  Zealot  
  81  12:08  Archon  
  81  12:19  Zealot  
  79  12:44  Probe  
  79  12:45  Probe x2  
  79  12:48  Colossus  
  88  12:59  Colossus  
  94  13:08  Zealot x3  
  94  13:09  Zealot x2  
  104  13:17  Probe x3  
  107  13:26  Forge  
  107  13:31  Pylon  
  107  13:34  Pylon  
  107  13:38  Pylon  
  107  13:39  Zealot x3  
  107  13:40  Pylon  
  111  13:46  Protoss Ground Weapons Level 2  
  97  14:00  Zealot x2  
  97  14:01  Zealot x3  
  97  14:09  Probe x3  
  91  14:14  Psionic Storm  
  87  14:21  Probe x3  
  90  14:31  Pylon  
  87  14:53  High Templar x3  
  87  14:55  High Templar  
  95  15:13  Gravitic Boosters  
  95  15:15  Observer  
  95  15:16  Observer  
  97  15:28  High Templar  
  97  15:29  High Templar x4  
  97  15:30  High Templar  
  109  15:36  Zealot x3  
  109  15:41  Archon  
  109  15:42  Archon  
  115  15:43  Archon  
  113  15:56  Colossus  
  119  16:08  Probe  
  120  16:17  Zealot  
  120  16:18  Zealot x4  
  126  16:19  Zealot x3  
  108  16:38  Zealot  
  108  16:39  Zealot x5  
  120  16:40  Zealot  
  118  16:47  Archon  
  118  16:48  Archon  
  62  17:10  Zealot x3  
  62  17:11  Zealot x5  
  62  17:12  Zealot  
Tags
 
Add a new tag
Caveats
  • Supply blocks, unpowered buildings, or Contaminate may cause inaccurate times.
  • Supply counts are checked every 10 seconds.